 Dungeon Crawl Stone Soup version 0.31-a0-43-g46d131a48f (webtiles) character file.

Game seed: 1801481527556342325

1158 IdlyInterested the Trooper (level 8, -20/67 HPs)
             Began as a Demonspawn Wanderer on May 18, 2023.
             Was an Initiate of Ashenzari.
             Demolished by a shadow (27 damage)
             ... on level 6 of the Dungeon.
             The game lasted 00:16:36 (6560 turns).

IdlyInterested the Trooper (Demonspawn Wanderer)    Turns: 6560, Time: 00:16:37

Health: -20/67     AC:  6    Str: 10    XL:     8   Next: 16%
Magic:  12/12      EV: 11    Int: 14    God:    Ashenzari [......]
Gold:   211        SH:  0    Dex: 17    Spells: 11/13 levels left

rFire   + . .        a - +1 rapier
rCold   . . .        (no shield)
rNeg    + . .        p - +0 leather armour of Cremastomancy {rF+ rN+, Cun, Melee} (curse)
rPois   .            (helmet restricted)
rElec   .            b - +0 cloak
rCorr   .            (no gloves)
SInv    .            (no boots)
Will    .....        (no amulet)
Stlth   ++           (no ring)
HPRegen 0.31/turn    (no ring)
MPRegen 0.13/turn

%: no passive effects
@: no status effects
A: antennae 1, icy blue scales 1, foul stench 2
a: Renounce Religion, Shatter the Chains


You were on level 6 of the Dungeon.
You worshipped Ashenzari.
Ashenzari was noncommittal.
You visited 2 branches of the dungeon, and saw 7 of its levels.

You collected 256 gold pieces.
You spent 45 gold pieces at shops.

Inventory:

Hand Weapons
 a - a +1 rapier (weapon)
 H - a +0 rapier
Missiles
 f - 47 stones (quivered)
 j - 3 boomerangs of dispersal
 u - 5 poisoned darts
 z - 6 javelins
Armour
 b - a +0 cloak (worn)
 d - a +0 robe
 k - an orb of guile
 o - a +0 ring mail
 p - the cursed +0 leather armour of Cremastomancy (worn) {rF+ rN+, Cun, Melee}
   (You found it on level 3 of the Dungeon)

   rF:        It protects you from fire.
   rN:        It protects you from negative energy.
   It has a curse which improves the following skills: Cunning: Dodging and
   Stealth.
   Melee Combat: Short Blades, Long Blades, Axes, Maces & Flails, Polearms,
   Staves and Unarmed Combat.
 t - the +6 plate armour of Marbles {Slay+3}
   (You found it on level 4 of the Dungeon)

   Slay:      It affects your accuracy & damage with ranged weapons and melee
   (+3).
 D - a +0 cloak
Wands
 x - a wand of polymorph (8)
 y - a wand of flame (3)
Scrolls
 c - 6 scrolls of teleportation
 q - a scroll of amnesia
 s - 2 scrolls of magic mapping
 B - a scroll of vulnerability {unknown}
 C - 2 scrolls of blinking {unknown}
 F - 2 scrolls of noise {unknown}
Potions
 e - 2 potions of brilliance {unknown}
 g - a potion of attraction
 h - a potion of lignification
 l - 3 potions of curing
 r - a potion of magic
 v - a potion of mutation {unknown}
 w - 4 potions of might
 A - a potion of flight
 G - a potion of heal wounds {unknown}


   Skills:
 * Level 7.0 Fighting
 - Level 4.0(4.3) Short Blades
 + Level 2.1(2.4) Staves
 - Level 1.0 Throwing
 - Level 1.0 Armour
 - Level 1.0(1.2) Dodging
 - Level 1.7(2.1) Stealth
 - Level 1.0 Shields
 - Level 3.1 Spellcasting
 - Level 4.0 Conjurations
 - Level 1.0 Evocations


You had 11 spell levels left.
You knew the following spells:

 Your Spells              Type           Power      Damage    Failure   Level
a - Searing Ray           Conj           26%        2d5       9%          2

Your spell library contained the following spells:

 Spells                   Type           Power      Damage    Failure   Level
 Momentum Strike          Conj/Tloc      14%        3d8       19%         2
 Scorch                   Fire           4%         2d5       41%         2
 Flame Wave               Conj/Fire      7%         2d5       77%         4
 Summon Cactus Giant      Summ           1%         N/A       100%        6


Dungeon Overview and Level Annotations

Branches:
Dungeon (6/15)             Temple (1/1) D:5

Altars:
Ashenzari
Cheibriados
Dithmenos
Fedhas
Kikubaaqudgha
Okawaru
Qazlal
Ru
Trog
Uskayaw
Xom

Shops:
D:5 *


Innate Abilities, Weirdness & Mutations

You have a pair of small antennae on your head.
You are partially covered in icy blue scales. (AC +2)
You sometimes emit foul miasma when damaged in melee.


Message History

You hit the shadow but do no damage.
The shadow slips into darkness.
The shadow flickers and vanishes!
Deactivating autopickup; reactivate with Ctrl-A.
You hit something.
The shadow strikes at you from the darkness!
* * * LOW HITPOINT WARNING * * *
Reactivating autopickup.
You emit a cloud of foul miasma!
You closely miss the shadow.
The shadow is moderately damaged.
The shadow hits you.
You barely miss the shadow. You punch the shadow, but do no damage.
The shadow is moderately damaged.
The shadow closely misses you.
You barely miss the shadow.
The shadow is moderately damaged.
The shadow hits you.
* * * LOW HITPOINT WARNING * * *
You hit the shadow but do no damage.
The shadow is moderately damaged.
The shadow barely misses you.
You hit the shadow but do no damage.
The shadow is moderately damaged.
The shadow hits you!
* * * LOW HITPOINT WARNING * * *
You completely miss the shadow. Your punch misses the shadow.
The shadow is moderately damaged.
The shadow barely misses you.
You hit the shadow but do no damage.
The shadow is moderately damaged.
The shadow hits you.
You hit the shadow.
The shadow is heavily damaged.
The shadow slips into darkness.
The shadow flickers and vanishes!
Deactivating autopickup; reactivate with Ctrl-A.
You hit something.
The shadow strikes at you from the darkness!
You die...

#..##.###.#........#####
#.....#...#........
#.....'...#........
#.....#...'........
##'########....#+##
...............#.
.................'...
..........{.......####
..........@.......... ##
###############'##... #.
..#.... #. ..# ... #.
### ##


There were no monsters in sight!

Vanquished Creatures
  An ice beast (D:6)
  An ogre (D:6)
  2 bullfrogs (D:6)
  5 scorpions
  A howler monkey (D:6)
  A jelly (D:5)
  6 hounds
  An orc priest (D:5)
  A sleepcap (D:5)
  2 iguanas
  Terence (D:2)
  2 orc wizards (D:5)
  3 adders
  A white imp (D:6)
  A worm (D:3)
  2 dart slugs
  10 orcs
  8 bats
  2 endoplasms
  7 giant cockroaches
  9 hobgoblins
  7 jackals
  A quokka (D:4)
  6 ball pythons
  2 frilled lizards
  6 goblins
  2 kobolds
  6 rats
97 creatures vanquished.

Notes
Turn   | Place    | Note
-------+----------+-------------------------------------------
     0 | D:1      | IdlyInterested the Demonspawn Wanderer began the quest for
                  | the Orb.
     0 | D:1      | IdlyInterested set off with the following items: a +0
                  | rapier, a +0 cloak, a scroll of teleportation, a +0 robe;
                  | and the following spells available to memorise: Searing
                  | Ray, Momentum Strike.
     0 | D:1      | Reached XP level 1. HP: 13/13 MP: 2/2
   114 | D:1      | Reached skill level 1 in Fighting
   302 | D:1      | Gained mutation: You are partially covered in icy blue
                  | scales. (AC +2) [demonic ancestry]
   302 | D:1      | Reached XP level 2. HP: 21/21 MP: 3/3
   721 | D:1      | Reached skill level 1 in Dodging
   917 | D:1      | Reached skill level 2 in Fighting
  1175 | D:2      | Gained mutation: You have a pair of small antennae on your
                  | head. [demonic ancestry]
  1175 | D:2      | Reached XP level 3. HP: 28/28 MP: 4/4
  1566 | D:2      | Noticed Terence
  1576 | D:2      | Killed Terence
  1577 | D:2      | Reached skill level 3 in Fighting
  1577 | D:2      | Reached skill level 1 in Throwing
  1719 | D:2      | Reached XP level 4. HP: 34/35 MP: 5/5
  1965 | D:3      | Identified the +0 leather armour of Muamow {rF+ rN+}
  2260 | D:3      | Reached skill level 1 in Evocations
  2438 | D:3      | Reached skill level 4 in Fighting
  2438 | D:3      | Reached XP level 5. HP: 37/42 MP: 6/6
  2576 | D:3      | Found a bloodstained altar of Trog.
  2610 | D:3      | Found a hide-covered altar of Uskayaw.
  3093 | D:4      | Reached skill level 1 in Shields
  3105 | D:4      | Learned a level 2 spell: Searing Ray
  3513 | D:4      | Found a shimmering altar of Xom.
  3604 | D:4      | Identified the +6 plate armour of Marbles {Slay+3}
  3786 | D:4      | Gained mutation: You may rarely emit foul miasma when
                  | damaged in melee. [demonic ancestry]
  3786 | D:4      | Reached XP level 6. HP: 36/48 MP: 9/9
  3977 | D:5      | Entered Level 5 of the Dungeon
  4192 | D:5      | Found Xoenauj's Gadget Gallery.
  4213 | D:5      | Bought a wand of polymorph (1) for 18 gold pieces
  4213 | D:5      | Bought a wand of flame (3) for 27 gold pieces
  4259 | D:5      | Reached skill level 5 in Fighting
  4484 | D:5      | Gained mutation: You sometimes emit foul miasma when
                  | damaged in melee. [demonic ancestry]
  4484 | D:5      | Reached XP level 7. HP: 51/56 MP: 10/10
  4819 | D:5      | Reached skill level 6 in Fighting
  5008 | D:5      | Found a staircase to the Ecumenical Temple.
  5168 | Temple   | Entered the Ecumenical Temple
  5560 | Temple   | Became a worshipper of Ashenzari the Shackled
  5991 | D:6      | Reached skill level 1 in Staves
  6121 | D:6      | Reached XP level 8. HP: 65/65 MP: 12/12
  6363 | D:6      | Reached skill level 7 in Fighting
  6560 | D:6      | Demolished by a shadow

Illustrated notes

Levels and vault maps discovered:
D:1:      nzn_arrival_settlement, layout_loops_corners,
          chequers_serial_rivers_room_b, st_stairs_14, minmay_strange_pillars
D:2:      layout_loops_ring, uniq_terence
D:3:      layout_loops_corners, mainiacjoe_overflow_catch_the_wave
D:4:      layout_loops_ring, xom_teletrap_fun
D:5:      layout_loops_ring, temple_pool_b, nicolae_shop_gadgets
D:6:      kennysheep_spiral_hall, layout_gridville
Temple:   chequers_temple_sunken

Skill      XL: |  1  2  3  4  5  6  7  8 |
---------------+-------------------------+-----
Fighting       | 1 2 3 4 5 6 7 |  7.0
Dodging        | 1 |  1.0
Throwing       | 1 |  1.0
Evocations     | 1 |  1.0
Shields        | 1 |  1.0
Short Blades   | 4 |  4.0
Spellcasting   | 2 3 |  3.1
Conjurations   | 3 4 |  4.0
Staves         | 1 2 |  2.1
Armour         | |  1.0
Stealth        | |  1.7

Action                     |  1- 3 |  4- 6 |  7- 9 || total
---------------------------+-------+-------+-------++-------
  Melee: Rapier            |    85 |   169 |   122 ||   376
         Punch             |     2 |     1 |     5 ||     8
  Throw: Stone             |       |     8 |    12 ||    20
   Cast: Searing Ray       |       |     1 |     1 ||     2
 Invoke: Curse Item        |       |       |     1 ||     1
    Use: Scroll            |     5 |     4 |     2 ||    11
   Stab: Sleeping          |     4 |     6 |     1 ||    11
 Armour: Robe              |     7 |       |       ||     7
         Leather armour    |    29 |    56 |    38 ||   123
         Ring mail         |       |     2 |       ||     2
  Dodge: Dodged            |    56 |    96 |    51 ||   203

Table legend: (Time is in decaauts)
 A = Elapsed time spent in this place.
 B = Non-inter-level travel time spent in this place.
 C = Inter-level travel time spent in this place.
 D = Time resting spent in this place.
 E = Time spent auto-exploring this place.
 F = Levels seen in this place.
 G = Mean time per level.
                   A        B        C        D        E       F      G
               +--------+--------+--------+--------+--------+-----+--------+
         Total |   6636 |   5799 |    837 |    824 |   3701 |   7 |  948.0 |
       Dungeon |   6342 |   5529 |    813 |    824 |   3475 |   6 | 1057.0 |
        Temple |    294 |    271 |     23 |      0 |    226 |   1 |  294.0 |
               +--------+--------+--------+--------+--------+-----+--------+

Top non-repeatable levels by time:
     D:5: 1520 daAuts
     D:3: 1170 daAuts
     D:1: 1122 daAuts
     D:4: 1033 daAuts
     D:2: 789 daAuts
     D:6: 707 daAuts
  Temple: 294 daAuts
